 Seeded DCSS version 0.29-a0-1047-g7c58e119a4 (webtiles) character file.

Game seed: 7296620447873847827 (custom seed)

64 voltaire321 the Sneak (level 4, -3/25 HPs)
             Began as a Kobold Enchanter on Aug 16, 2022.
             Slain by a black bear (11 damage)
             ... on level 3 of the Dungeon.
             The game lasted 00:07:24 (2068 turns).

voltaire321 the Sneak (Kobold Enchanter)            Turns: 2068, Time: 00:07:24

Health: -3/25      AC:  2    Str:  7    XL:     4   Next: 32%
Magic:  3/7        EV: 14    Int: 19    God:
Gold:   77         SH:  6    Dex: 15    Spells: 4/7 levels left

rFire   . . .      SeeInvis .   l - +0 short sword (freeze)
rCold   + . .      Faith    .   e - +2 buckler
rNeg    . . .      Spirit   .   q - +0 robe of the End {rElec rC+ Regen+ Int+3}
rPois   .          Reflect  .   (no helmet)
rElec   +          Harm     .   (no cloak)
rCorr   .          Rampage  .   (no gloves)
Will    .....                   (no boots)
Stlth   ++++......              (no amulet)
HPRegen 0.88/turn               (no ring)
MPRegen 0.10/turn               (no ring)

@: very slightly contaminated
A: small, no large weapons, nightstalker 3
a: no special abilities


You were on level 3 of the Dungeon.
You visited 1 branch of the dungeon, and saw 3 of its levels.

You collected 77 gold pieces.

Inventory:

Hand Weapons
 a - a +1 dagger
 l - a +0 short sword of freezing (weapon)
Armour
 e - a +2 buckler (worn)
 q - the +0 robe of the End (worn) {rElec rC+ Regen+ Int+3}
   (You found it on level 2 of the Dungeon)

   Int:       It affects your intelligence (+3).
   rC:        It protects you from cold.
   rElec:     It insulates you from electricity.
   Regen:     It increases your rate of health regeneration.
Wands
 n - a wand of charming (9)
Scrolls
 f - a scroll of immolation {unknown}
 g - 2 scrolls of identify {unknown}
 j - a scroll of poison {unknown}
 k - 2 scrolls of teleportation {unknown}
Potions
 c - 2 potions of invisibility
 d - 2 potions of lignification {unknown}
 h - a potion of haste {unknown}
 i - a potion of curing {unknown}
 m - a potion of brilliance {unknown}
 o - a potion of might {unknown}
 p - a potion of heal wounds {unknown}


   Skills:
 + Level 1.1 Fighting
 + Level 2.0 Short Blades
 + Level 2.9 Dodging
 + Level 4.5 Stealth
 + Level 2.4 Spellcasting
 + Level 1.0 Conjurations
 + Level 3.2 Hexes
 + Level 1.0 Ice Magic


You had 4 spell levels left.
You knew the following spells:

 Your Spells              Type           Power      Damage    Failure   Level
a - Magic Dart            Conj           24%        1d4       16%         1
b - Ensorcelled Hibernat  Hex/Ice        20%        N/A       16%         2

Your spell library contained the following spells:

 Spells                   Type           Power      Damage    Failure   Level
 Freeze                   Ice            24%        1d5       17%         1
 Shock                    Conj/Air       16%        1d4       21%         1
 Confusing Touch          Hex            14%        N/A       21%         3
 Tukima's Dance           Hex            14%        N/A       21%         3
 Summon Small Mammal      Summ           8%         N/A       26%         1
 Dazzling Flash           Conj/Hex       20%        N/A       30%         3
 Call Imp                 Summ           2%         N/A       36%         2
 Summon Guardian Golem    Hex/Summ       8%         N/A       36%         3
 Frozen Ramparts          Ice            12%        1d2       45%         3
 Stone Arrow              Conj/Erth      8%         3d7       52%         3
 Mephitic Cloud           Conj/Pois/Air  3%         N/A       54%         3
 Call Canine Familiar     Summ           2%         N/A       58%         3
 Swiftness                Air            2%         N/A       58%         3
 Hailstorm                Conj/Ice       6%         3d4       86%         4
 Airstrike                Air            1%         2d(1-17)  94%         4
 Animate Armour           Summ/Erth      4%         N/A       94%         4
 Lehudib's Crystal Spear  Conj/Erth      2%         10d2      100%        8


Dungeon Overview and Level Annotations

Branches:
Dungeon (3/15)

Altars:


Innate Abilities, Weirdness & Mutations

You are small and have problems with some larger weapons.
You are completely attuned to the shadows.


Message History

Aim: a black bear (chance to affect: 44%)
You miscast Ensorcelled Hibernation.
You are very lightly contaminated with residual magic.
Nothing appears to happen.
The black bear barely misses you. The black bear misses you.
You block the black bear's attack.
Casting: Ensorcelled Hibernation (safe; 16% risk of failure)
Confirm with . or Enter, or press ? or * to list all spells.
Aiming: Ensorcelled Hibernation (safe; 16% risk of failure)
Press: ? - help, Shift-Dir - straight line, f/p - black bear
Aim: a black bear (chance to affect: 44%)
The black bear looks drowsy...
The helpless black bear fails to defend itself.
You puncture the black bear! You freeze the black bear.
The black bear is heavily wounded.
The black bear bites you. The black bear claws you. The black bear misses you.
You hit the black bear. You freeze the black bear.
The black bear is heavily wounded.
You block the black bear's attack. x2; The black bear claws you.
Casting: Ensorcelled Hibernation (safe; 16% risk of failure)
Confirm with . or Enter, or press ? or * to list all spells.
Aiming: Ensorcelled Hibernation (safe; 16% risk of failure)
Press: ? - help, Shift-Dir - straight line, f - you, p - black bear That would be overly suicidal.
Okay, then.
You closely miss the black bear.
The black bear is heavily wounded.
The black bear bites you. The black bear claws you.
You block the black bear's attack.
You hit the black bear. You freeze the black bear.
The black bear is severely wounded.
The black bear goes berserk!
You closely miss the black bear.
The black bear is severely wounded.
The black bear barely misses you. The black bear claws you. x2
* * * LOW HITPOINT WARNING * * *
You hit the black bear but do no damage.
The black bear is severely wounded.
The black bear barely misses you. x2; You block the black bear's attack.
The black bear bites you!
You die...

######
.....#
#h# #@#
#.# #.#
#.#
######.#
.......#
#####..#
####..#
#.....#


You could see a black bear (berserk).

Vanquished Creatures
  An adder (D:2)
  2 worms (D:2)
  3 ball pythons
  3 bats (D:1)
  7 endoplasms
  4 giant cockroaches
  3 goblins
  5 hobgoblins
  4 jackals (D:1)
  A quokka (D:1)
  4 frilled lizards
  5 kobolds
  3 rats (D:1)
45 creatures vanquished.

Notes
Turn   | Place    | Note
-------+----------+-------------------------------------------
     0 | D:1      | voltaire321 the Kobold Enchanter began the quest for the
                  | Orb.
     0 | D:1      | Reached XP level 1. HP: 10/10 MP: 3/3
   100 | D:1      | Learned a level 1 spell: Magic Dart
   478 | D:1      | Reached XP level 2. HP: 10/16 MP: 5/5
   648 | D:1      | Learned a level 2 spell: Ensorcelled Hibernation
   884 | D:1      | Found a faded altar of an unknown god.
   930 | D:1      | Reached XP level 3. HP: 20/20 MP: 6/6
  1016 | D:1      | Reached skill level 1 in Fighting
  1658 | D:2      | Reached skill level 1 in Ice Magic
  1658 | D:2      | Reached XP level 4. HP: 25/25 MP: 7/7
  1719 | D:2      | Identified the +0 robe of the End {rElec rC+ Regen+ Int+3}
  1833 | D:2      | Reached skill level 1 in Conjurations
  2058 | D:3      | Noticed a black bear
  2068 | D:3      | Slain by a black bear

Illustrated notes

Levels and vault maps discovered:
D:1:      lemuel_arrival_tunnels, layout_rooms, dreamdust_ecumenical_altar_grove
D:2:      layout_rooms
D:3:      layout_loops_cross

Skill      XL: |  1  2  3  4 |
---------------+-------------+-----
Fighting       | 1 |  1.1
Ice Magic      | 1 |  1.0
Conjurations   | 1 |  1.0
Short Blades   | 2 |  2.0
Dodging        | |  2.9
Stealth        | |  4.5
Spellcasting   | |  2.4
Hexes          | |  3.2

Action                   |  1- 3 |  4- 6 || total
-------------------------+-------+-------++-------
Melee: Dagger            |    77 |       ||    77
       Short sword       |    24 |    21 ||    45
 Cast: Magic Dart        |    11 |       ||    11
       Ensorcelled Hiber |     2 |     1 ||     3
 Stab: Sleeping          |    11 |     4 ||    15
       Distracted        |     1 |       ||     1
Armor: Robe              |     9 |     1 ||    10
Dodge: Dodged            |    71 |    10 ||    81
Block: Buckler           |    24 |    11 ||    35

Table legend: (Time is in decaauts)
 A = Elapsed time spent in this place.
 B = Non-inter-level travel time spent in this place.
 C = Inter-level travel time spent in this place.
 D = Time resting spent in this place.
 E = Time spent auto-exploring this place.
 F = Levels seen in this place.
 G = Mean time per level.
                   A        B        C        D        E       F      G
               +--------+--------+--------+--------+--------+-----+--------+
         Total |   2068 |   2001 |     67 |    631 |    914 |   3 |  689.3 |
       Dungeon |   2068 |   2001 |     67 |    631 |    914 |   3 |  689.3 |
               +--------+--------+--------+--------+--------+-----+--------+

Top non-repeatable levels by time:
     D:1: 1259 daAuts
     D:2: 786 daAuts
     D:3: 23 daAuts
